AoeStats
← Dino Spumoni

Arena

509247177Analyzed
1v1 RM · 5d ago on Sep 26, 2026· 46m 29s· 2 players
Game mode
Random Map
Map size
Tiny (2 player)
Population
200
Speed
Normal
Resources
Standard
Victory
Conquest
Starting age
Dark Age
Ending age
Imperial Age
RankedLock teamsTeams togetherTeam positionsShared explorationLock speedFull tech treeHidden civsTurbo modeCheats
Victory
Defeat
🇨🇱 Portuguese · Chile
1221
+16
🇺🇸 Saracens · United States
1218
-16
cowboy_dan
11:55 Feudal Age
12:48 Double-Bit Axe
15:39 Castle Age
13:42 Fletching
13:46 Horse Collar
16:32 Bodkin Arrow
17:03 Bow Saw
17:34 Loom
20:53 Crossbowman
21:58 Ballistics
31:04 Imperial Age
29:09 Thumb Ring
29:41 Gold Mining
31:55 Bracer
31:36 Arbalester
33:19 Padded Archer Armor
35:46 Chemistry
37:28 Wheelbarrow
36:38 Town Watch
37:09 Scale Barding Armor
38:49 Chain Barding Armor
38:39 Forging
40:39 Bloodlines
40:30 Husbandry
40:38 Heavy Camel Rider
44:34 Forging
45:03 Plate Barding Armor
45:55 Elite Skirmisher
Dino Spumoni
10:19 Feudal Age
14:04 Castle Age
12:13 Double-Bit Axe
20:11 Horse Collar
22:09 Wheelbarrow
21:20 Loom
21:24 Town Watch
25:05 Fletching
30:48 Imperial Age
29:50 Scale Barding Armor
30:47 Husbandry
30:58 Bloodlines
31:10 Chain Barding Armor
31:17 Hand Cart
31:26 Cavalier
34:37 Plate Barding Armor
34:54 Bodkin Arrow
35:15 Padded Archer Armor
34:42 Elite Skirmisher
35:28 Thumb Ring
35:54 Ballistics
36:34 Chemistry
36:25 Conscription
36:50 Leather Archer Armor
36:36 Bracer
37:59 Ring Archer Armor
41:09 Arquebus
42:43 Forging
42:43 Pikeman
43:36 Scale Mail Armor
44:12 Iron Casting
45:51 Chain Mail Armor
44:58 Halberdier
45:24 Gambesons
45:25 Arson
46:35 Gold Mining
47:06 Heavy Plow
Connection lost

Rejoining the realm…

Still unreachable

The connection could not be restored.

Session expired

The server has moved on; the page needs a fresh start.